 Dungeon Crawl Stone Soup version 0.22.1-5-g62c59d9 (webtiles) character file.

152 Gingerlord the Charlatan (level 5, -5/44 HPs)
             Began as a Draconian Artificer on Jan 11, 2019.
             Killed themself with a badly aimed iceblast (15 damage)
             ... on level 2 of the Dungeon.
             The game lasted 00:03:41 (1788 turns).

Gingerlord the Charlatan (Draconian Artificer)      Turns: 1788, Time: 00:03:42

Health: -5/44      AC:  5    Str: 16    XL:     5   Next: 11%
Magic:  0/7        EV: 13    Int: 11    God:
Gold:   83         SH:  0    Dex: 11    Spells: 4/4 levels left

rFire    . . .     SeeInvis .   a - +0 short sword
rCold    . . .     Gourm    .   (no shield)
rNeg     . . .     Faith    .   (armour unavailable)
rPois    .         Spirit   +   (helmet restricted)
rElec    .         Reflect  .   j - scarf {Spirit}
rCorr    .         Harm     .   (no gloves)
MR       .....                  (no boots)
Stlth    +.........             (no amulet)
HPRegen  0.14/turn              (no ring)
MPRegen  0.10/turn              (no ring)

@: slowed, very slow
A: unfitting armour, cold-blooded, AC +5
a: no special abilities


You were on level 2 of the Dungeon.
You were not hungry.

You visited 1 branch of the dungeon, and saw 3 of its levels.

You collected 83 gold pieces.

Inventory:

Hand Weapons
 a - a +0 short sword (weapon)
Armour
 j - a scarf of spirit shield (worn)
Wands
 b - a wand of flame (15)
 d - a wand of random effects (9)
Scrolls
 e - a scroll of remove curse
 h - 2 scrolls of identify {unknown}
 k - a scroll of teleportation {unknown}
Potions
 g - a potion of brilliance
Comestibles
 f - 3 rations


   Skills:
 + Level 2.8 Fighting
 + Level 2.5 Short Blades
 + Level 2.8 Dodging
 - Level 0.8 Stealth
 + Level 3.9 Evocations


You had 4 spell levels left.
You didn't know any spells.
Your spell library was empty.

Dungeon Overview and Level Annotations

Branches:
Dungeon (3/15)

Altars:


Innate Abilities, Weirdness & Mutations

Your plain brown scales are hard. (AC +5)
You cannot fit into any form of body armour.
You are cold-blooded and may be slowed by cold attacks.


Message History

Natasha is moderately wounded.
Natasha casts a spell.
Natasha casts a spell at you.
You feel as though you will be slow longer.
You barely miss Natasha.
Natasha is moderately wounded.
Natasha claws you!
* * * LOW HITPOINT WARNING * * *
Okay, then.
Evoke which item? (* to show all) (? for menu, Esc to quit)
Aiming: Random Effects
Press: ? - help, Shift-Dir - straight line, f - Natasha
Aim: Natasha (moderately wounded)
The mass of ice explodes!
The iceblast engulfs Natasha.
You kill Natasha!
Natasha screams in fury as she dies!
The white imp disappears in a puff of smoke!
The crimson imp disappears in a puff of smoke!
You have reached level 5!
The iceblast engulfs you!
You die...

###..≈≈≈._.≈≈≈≈..(...####
...≈≈≈≈..♣≈≈≈.≈.........
###≈≈≈≈≈≈≈≈≈≈≈≈..........
.....≈≈≈≈≈≈≈≈≈.........##
###≈.≈≈≈≈≈≈≈≈≈≈..........
.......≈.....≈........###
####....§§.......###..##
........#(##...#.# #..#
.##.....#@####.#.# #..#
...(....#.#......#
#..####
#######......###.##
#..#...
........##.#####..#
#..#...
...............##.#
#..#...
########...###.##.#
#..#...
#.......#.##.###..#...
#.##.##.#.........#... #.
#.##.#..5..##.#####


There were no monsters in sight!

Vanquished Creatures
  A centaur (D:3)
  Natasha (D:2)
  An adder (D:3)
  An ooze (D:2)
  A worm (D:2)
  2 dart slugs (D:1)
  An orc (D:2)
  3 goblins
  3 hobgoblins
  2 jackals (D:2)
  7 bats
  2 frilled lizards (D:2)
  3 kobolds
  4 rats
32 creatures vanquished.

Notes
Turn   | Place    | Note
-------+----------+-------------------------------------------
     0 | D:1      | Gingerlord the Draconian Artificer began the quest for the
                  | Orb.
     0 | D:1      | Reached XP level 1. HP: 16/16 MP: 3/3
   364 | D:1      | Reached XP level 2. HP: 19/23 MP: 4/4
  1290 | D:2      | Found a faded altar of an unknown god.
  1298 | D:2      | Reached XP level 3. HP: 29/29 MP: 5/5
  1305 | D:2      | Noticed Natasha
  1351 | D:2      | You fall through a shaft!
  1351 | D:3      | Noticed a centaur
  1361 | D:3      | Killed a centaur
  1361 | D:3      | Reached XP level 4. HP: 14/37 MP: 2/6
  1788 | D:2      | Killed Natasha
  1788 | D:2      | Reached XP level 5. HP: 10/44 MP: 1/7
  1788 | D:2      | Killed themself with a badly aimed iceblast

Skill      XL: |  1  2  3 |
---------------+----------+-----
Dodging        | 2 |  2.8
Fighting       | 2 |  2.8
Short Blades   | 2 |  2.5
Stealth        | |  0.8
Evocations     | |  3.9

Action                   |  1- 3 |  4- 6 || total
-------------------------+-------+-------++-------
Melee: Short sword       |    93 |    22 ||   115
       Tailslap          |    13 |     2 ||    15
Evoke: Wand              |     5 |     1 ||     6
  Use: Scroll            |     1 |       ||     1
       Potion            |     2 |       ||     2
 Stab: Sleeping          |     1 |       ||     1
  Eat: Chunk             |     1 |       ||     1
       Ration            |       |     1 ||     1
Armor: Skin              |    28 |     4 ||    32
Dodge: Dodged            |    74 |    14 ||    88
